TOP OF THE 1ST |
Bismarck Barons batting - Pitching for Balzac Rams : RHP Anthony Rigsby
|
Pitching: RHP Anthony Rigsby
|
|
Batting: RHB David Canseco
|
0-0: Foul Ball, location: 2F 0-1: Called Strike 0-2: Ball 1-2: Foul Ball, location: 2F 1-2: Strikes out looking
|
Batting: LHB Paco Sandoval
|
0-0: Called Strike 0-1: DOUBLE (Line Drive, 9LS)
|
Batting: RHB Kiyomitsu Shinoda
|
0-0: Ball Paco Sandoval is caught stealing 3rd base 1-0: Fly out, F3 (Popup, 4)
|
Top of the 1st over - 0 run(s), 1 hit(s), 0 error(s), 0 left on base; Bismarck 0 - Balzac 0 |
BOTTOM OF THE 1ST |
Balzac Rams batting - Pitching for Bismarck Barons : RHP José Abacil
|
Pitching: RHP José Abacil
|
|
Batting: RHB Manuel Pérez
|
0-0: Ball 1-0: Ball 2-0: Swinging Strike 2-1: Ball 3-1: Ground out 5-3 (Groundball, 56S)
|
Batting: LHB Joaquín González
|
0-0: Ball 1-0: Ground out 4-3 (Groundball, 4)
|
Batting: RHB Tokuhei Kobayashi
|
0-0: Swinging Strike 0-1: Ball 1-1: Ball 2-1: Swinging Strike 2-2: Strikes out looking
|
Bottom of the 1st over - 0 run(s), 0 hit(s), 0 error(s), 0 left on base; Bismarck 0 - Balzac 0 |
TOP OF THE 2ND |
Bismarck Barons batting - Pitching for Balzac Rams : RHP Anthony Rigsby
|
Batting: RHB Dave Parker
|
0-0: Ball 1-0: Called Strike 1-1: Swinging Strike 1-2: Ball 2-2: Strikes out swinging
|
Batting: RHB Paul Ladd
|
0-0: Ball 1-0: Called Strike 1-1: Swinging Strike 1-2: Strikes out swinging
|
Batting: SHB Víctor Serrano
|
0-0: Swinging Strike 0-1: Foul Ball, location: 2F 0-2: Foul Ball, location: 2F 0-2: Foul Ball, location: 2F 0-2: Ball 1-2: Strikes out swinging
|
Top of the 2nd over - 0 run(s), 0 hit(s), 0 error(s), 0 left on base; Bismarck 0 - Balzac 0 |
BOTTOM OF THE 2ND |
Balzac Rams batting - Pitching for Bismarck Barons : RHP José Abacil
|
Batting: LHB José Berroa
|
0-0: Called Strike 0-1: Swinging Strike 0-2: Ball 1-2: Ball 2-2: Ball 3-2: Strikes out swinging
|
Batting: RHB Fred Howard
|
0-0: Ground out 5-3 (Groundball, 56S)
|
Batting: RHB Paul Spencer
|
0-0: Foul Ball, location: 2F 0-1: Swinging Strike 0-2: Ball 1-2: Ball 2-2: Strikes out swinging
|
Bottom of the 2nd over - 0 run(s), 0 hit(s), 0 error(s), 0 left on base; Bismarck 0 - Balzac 0 |
TOP OF THE 3RD |
Bismarck Barons batting - Pitching for Balzac Rams : RHP Anthony Rigsby
|
Batting: RHB Ronald Parsons
|
0-0: Called Strike 0-1: Ball 1-1: Foul Ball, location: 2F 1-2: Ground out 5-3 (Groundball, 5L)
|
Batting: RHB Benito Minardi
|
0-0: Ball 1-0: Foul Ball, location: 2F 1-1: Foul Ball, location: 2F 1-2: Ball 2-2: Ball 3-2: Fly out, F6 (Popup, 7S)
|
Batting: RHB Miguel Hernández
|
0-0: Ball 1-0: Ball 2-0: Ball 3-0: Called Strike 3-1: Ground out 4-3 (Groundball, 34)
|
Top of the 3rd over - 0 run(s), 0 hit(s), 0 error(s), 0 left on base; Bismarck 0 - Balzac 0 |
BOTTOM OF THE 3RD |
Balzac Rams batting - Pitching for Bismarck Barons : RHP José Abacil
|
Batting: LHB Alan Olson
|
0-0: Ball 1-0: Ball 2-0: Swinging Strike 2-1: Swinging Strike 2-2: Ball 3-2: Foul Ball, location: 2F 3-2: Foul Ball, location: 2F 3-2: Strikes out swinging
|
Batting: RHB James Tucker
|
0-0: Ball 1-0: Ball 2-0: Ball 3-0: Called Strike 3-1: Base on Balls
|
Batting: RHB Scott Green
|
0-0: Ball 1-0: Fielders Choice at 2nd, 6-4 (Groundball, 6)
|
Batting: RHB Manuel Pérez
|
0-0: Ball 1-0: Ball 2-0: Called Strike 2-1: Foul Ball, location: 2F 2-2: Strikes out swinging
|
Bottom of the 3rd over - 0 run(s), 0 hit(s), 0 error(s), 1 left on base; Bismarck 0 - Balzac 0 |
TOP OF THE 4TH |
Bismarck Barons batting - Pitching for Balzac Rams : RHP Anthony Rigsby
|
Batting: RHB David Canseco
|
0-0: Ball 1-0: DOUBLE (Line Drive, 7LM)
|
Batting: LHB Paco Sandoval
|
0-0: Ball 1-0: Called Strike 1-1: Ball 2-1: DOUBLE (Groundball, 3L) David Canseco scores
|
Batting: RHB Kiyomitsu Shinoda
|
0-0: Called Strike 0-1: Ball 1-1: SINGLE (Flyball, 7S) Paco Sandoval to third
|
Batting: RHB Dave Parker
|
0-0: Ball 1-0: Ball 2-0: Ball 3-0: Base on Balls Kiyomitsu Shinoda to second
|
Batting: RHB Paul Ladd
|
0-0: Grounds into double play, U3-6 (Groundball, 3L) Paco Sandoval scores Kiyomitsu Shinoda to third
|
Batting: SHB Víctor Serrano
|
0-0: Ball 1-0: Ball 2-0: Foul Ball, location: 2F 2-1: Ball 3-1: Base on Balls
|
Batting: RHB Ronald Parsons
|
0-0: Ball 1-0: Foul Ball, location: 2F 1-1: Ball 2-1: Ball 3-1: Called Strike 3-2: Strikes out looking
|
Top of the 4th over - 2 run(s), 3 hit(s), 0 error(s), 2 left on base; Bismarck 2 - Balzac 0 |
BOTTOM OF THE 4TH |
Balzac Rams batting - Pitching for Bismarck Barons : RHP José Abacil
|
Batting: LHB Joaquín González
|
0-0: Called Strike 0-1: SINGLE (Line Drive, 6D)
|
Batting: RHB Tokuhei Kobayashi
|
0-0: Ball 1-0: Ball 2-0: Reached on error, E5 (Groundball, 56) Joaquín González to second
|
Batting: LHB José Berroa
|
0-0: Foul Ball, location: 2F 0-1: Foul Ball, location: 2F 0-2: Ball 1-2: Foul Ball, location: 2F 1-2: Foul Ball, location: 2F 1-2: Ball 2-2: Foul Ball, location: 2F 2-2: Foul Ball, location: 2F 2-2: Ball 3-2: Base on Balls Joaquín González to third Tokuhei Kobayashi to second
|
Batting: RHB Fred Howard
|
0-0: Ball 1-0: Ball 2-0: Ball 3-0: Called Strike 3-1: Foul Ball, location: 2F 3-2: Foul Ball, location: 2F 3-2: Base on Balls Joaquín González scores Tokuhei Kobayashi to third José Berroa to second
|
Batting: RHB Paul Spencer
|
0-0: Called Strike 0-1: Ball 1-1: Swinging Strike 1-2: DOUBLE (Line Drive, 89M) Tokuhei Kobayashi scores José Berroa scores Fred Howard to third
|
Batting: LHB Alan Olson
|
0-0: Swinging Strike 0-1: Ball 1-1: Swinging Strike 1-2: Strikes out swinging
|
Batting: RHB James Tucker
|
0-0: Ball 1-0: Ball 2-0: Swinging Strike 2-1: Foul Ball, location: 2F 2-2: Ball 3-2: Strikes out looking
|
Batting: RHB Scott Green
|
0-0: Called Strike 0-1: Foul Ball, location: 2F 0-2: Ball 1-2: Ground out 4-3 (Groundball, 4M)
|
Bottom of the 4th over - 3 run(s), 2 hit(s), 1 error(s), 2 left on base; Bismarck 2 - Balzac 3 |
TOP OF THE 5TH |
Bismarck Barons batting - Pitching for Balzac Rams : RHP Anthony Rigsby
|
Batting: RHB Benito Minardi
|
0-0: Called Strike 0-1: DOUBLE (Flyball, 7LD)
|
Batting: RHB Miguel Hernández
|
0-0: Ball 1-0: Swinging Strike 1-1: Ground out 6-3 (Groundball, 6M) Benito Minardi to third
|
Batting: RHB David Canseco
|
0-0: Foul Ball, location: 2F 0-1: Swinging Strike 0-2: Ball 1-2: Strikes out looking
|
Batting: LHB Paco Sandoval
|
0-0: Ball 1-0: Ball 2-0: Ball 3-0: Called Strike 3-1: SINGLE (Line Drive, 8LS) Benito Minardi scores
|
Batting: RHB Kiyomitsu Shinoda
|
0-0: Ball 1-0: Called Strike 1-1: Ball 2-1: Ball 3-1: Foul Ball, location: 2F 3-2: Strikes out looking
|
Top of the 5th over - 1 run(s), 2 hit(s), 0 error(s), 1 left on base; Bismarck 3 - Balzac 3 |
BOTTOM OF THE 5TH |
Balzac Rams batting - Pitching for Bismarck Barons : RHP José Abacil
|
Batting: RHB Manuel Pérez
|
0-0: Ball 1-0: Called Strike 1-1: Ball 2-1: Ground out 5-3 (Groundball, 56)
|
Batting: LHB Joaquín González
|
0-0: Called Strike 0-1: Foul Ball, location: 2F 0-2: Foul Ball, location: 2F 0-2: Ball 1-2: Ball 2-2: Fly out, F8 (Flyball, 8LM)
|
Batting: RHB Tokuhei Kobayashi
|
0-0: Ball 1-0: SINGLE (Groundball, 56D) (infield hit)
|
Pitching: RHP Dalton Ray
|
|
Batting: LHB José Berroa
|
0-0: Called Strike 0-1: Foul Ball, location: 2F 0-2: Foul Ball, location: 2F 0-2: Fly out, F7 (Flyball, 7D)
|
Bottom of the 5th over - 0 run(s), 1 hit(s), 0 error(s), 1 left on base; Bismarck 3 - Balzac 3 |
TOP OF THE 6TH |
Bismarck Barons batting - Pitching for Balzac Rams : RHP Anthony Rigsby
|
Batting: RHB Dave Parker
|
0-0: Ball 1-0: Ball 2-0: Fly out, F4 (Popup, 34)
|
Batting: RHB Paul Ladd
|
0-0: Ball 1-0: Ground out 6-3 (Groundball, 6)
|
Batting: SHB Víctor Serrano
|
0-0: Ground out 6-3 (Groundball, 6)
|
Top of the 6th over - 0 run(s), 0 hit(s), 0 error(s), 0 left on base; Bismarck 3 - Balzac 3 |
BOTTOM OF THE 6TH |
Balzac Rams batting - Pitching for Bismarck Barons : RHP Dalton Ray
|
Batting: RHB Fred Howard
|
0-0: Called Strike 0-1: Foul Ball, location: 2F 0-2: Foul Ball, location: 2F 0-2: Foul Ball, location: 2F 0-2: DOUBLE (Flyball, 89XD)
|
Batting: RHB Paul Spencer
|
0-0: Called Strike 0-1: Foul Ball, location: 2F 0-2: Ball 1-2: Strikes out looking
|
Batting: LHB Alan Olson
|
0-0: Foul Ball, location: 2F 0-1: Foul Ball, location: 2F 0-2: Strikes out looking
|
Batting: RHB James Tucker
|
0-0: Called Strike 0-1: Ball 1-1: Called Strike 1-2: Strikes out swinging
|
Bottom of the 6th over - 0 run(s), 1 hit(s), 0 error(s), 1 left on base; Bismarck 3 - Balzac 3 |
TOP OF THE 7TH |
Bismarck Barons batting - Pitching for Balzac Rams : RHP Anthony Rigsby
|
Batting: RHB Ronald Parsons
|
0-0: Called Strike 0-1: Ball 1-1: Foul Ball, location: 2F 1-2: Ball 2-2: Fly out, F8 (Flyball, 8LS)
|
Pitching: RHP José Cota
|
|
Batting: RHB Benito Minardi
|
0-0: Called Strike 0-1: Foul Ball, location: 2F 0-2: Strikes out swinging
|
Batting: RHB Miguel Hernández
|
0-0: Ball 1-0: Ball 2-0: Foul Ball, location: 2F 2-1: Swinging Strike 2-2: Strikes out looking
|
Top of the 7th over - 0 run(s), 0 hit(s), 0 error(s), 0 left on base; Bismarck 3 - Balzac 3 |
BOTTOM OF THE 7TH |
Balzac Rams batting - Pitching for Bismarck Barons : RHP Dalton Ray
|
Pinch Hitting: LHB William Wolf
|
0-0: Ball 1-0: Foul Ball, location: 2F 1-1: Swinging Strike 1-2: Ground out U3 (Groundball, 3)
|
Pinch Hitting: SHB Reynaldo Gallegos
|
0-0: Fly out, F8 (Flyball, 8RD)
|
Batting: LHB Joaquín González
|
0-0: Called Strike 0-1: Ground out U3 (Groundball, 3L)
|
Bottom of the 7th over - 0 run(s), 0 hit(s), 0 error(s), 0 left on base; Bismarck 3 - Balzac 3 |
TOP OF THE 8TH |
Bismarck Barons batting - Pitching for Balzac Rams : RHP José Cota
|
Now at 1B: Carlos Barrios
|
|
Now at 2B: Enrique Castillo
|
|
Batting: RHB David Canseco
|
0-0: Foul Ball, location: 2F 0-1: Ball 1-1: Ball 2-1: Ball 3-1: Swinging Strike 3-2: Base on Balls
|
Batting: LHB Paco Sandoval
|
0-0: Bunted foul 0-1: Ball 1-1: Sac Bunt - play at first, batter OUT! 1-4 David Canseco to second
|
Batting: RHB Kiyomitsu Shinoda
|
0-0: Called Strike 0-1: Ball 1-1: Ball Passed Ball! David Canseco to third 2-1: Foul Ball, location: 2F 2-2: Foul Ball, location: 2F 2-2: Foul Ball, location: 2F 2-2: Strikes out swinging
|
Batting: RHB Dave Parker
|
0-0: Ball 1-0: Called Strike 1-1: Ball 2-1: Swinging Strike 2-2: Strikes out swinging
|
Top of the 8th over - 0 run(s), 0 hit(s), 0 error(s), 1 left on base; Bismarck 3 - Balzac 3 |
BOTTOM OF THE 8TH |
Balzac Rams batting - Pitching for Bismarck Barons : RHP Dalton Ray
|
Pitching: LHP Víctor Soto
|
|
Batting: RHB Tokuhei Kobayashi
|
0-0: Ball 1-0: Called Strike 1-1: SINGLE (Groundball, 6MD)
|
Batting: LHB José Berroa
|
0-0: Ball 1-0: Called Strike 1-1: Called Strike 1-2: Ball 2-2: Strikes out swinging
|
Batting: RHB Fred Howard
|
0-0: Called Strike 0-1: Ball 1-1: Ball 2-1: Called Strike 2-2: Foul Ball, location: 2F 2-2: SINGLE (Line Drive, 78M) Tokuhei Kobayashi to second
|
Batting: RHB Paul Spencer
|
0-0: Ball 1-0: Ball 2-0: Foul Ball, location: 2F 2-1: Ball 3-1: Base on Balls Tokuhei Kobayashi to third Fred Howard to second
|
Pinch Hitting: RHB Félix Quintero
|
0-0: Called Strike 0-1: Ball 1-1: Called Strike 1-2: Foul Ball, location: 2F 1-2: Strikes out swinging
|
Batting: RHB James Tucker
|
0-0: Ball 1-0: Foul Ball, location: 2F 1-1: Ball 2-1: Ball 3-1: Fly out, F7 (Flyball, 7M)
|
Bottom of the 8th over - 0 run(s), 2 hit(s), 0 error(s), 3 left on base; Bismarck 3 - Balzac 3 |
TOP OF THE 9TH |
Bismarck Barons batting - Pitching for Balzac Rams : RHP José Cota
|
Pitching: RHP Shiki Kanno
|
|
Now in CF: Thomas Christopher
|
|
Batting: RHB Paul Ladd
|
0-0: Ball 1-0: Ground out 5-3 (Groundball, 56)
|
Batting: SHB Víctor Serrano
|
0-0: Ball 1-0: Foul Ball, location: 2F 1-1: Foul Ball, location: 2F 1-2: Strikes out swinging
|
Batting: RHB Ronald Parsons
|
0-0: Called Strike 0-1: Ball 1-1: Fly out, F7 (Flyball, 7D)
|
Top of the 9th over - 0 run(s), 0 hit(s), 0 error(s), 0 left on base; Bismarck 3 - Balzac 3 |
BOTTOM OF THE 9TH |
Balzac Rams batting - Pitching for Bismarck Barons : LHP Víctor Soto
|
Batting: RHB Enrique Castillo
|
0-0: Swinging Strike 0-1: Ball 1-1: Called Strike 1-2: Strikes out swinging
|
Pitching: RHP Mike Hodges
|
|
Batting: LHB Carlos Barrios
|
0-0: Ground out 5-3 (Groundball, 56)
|
Batting: LHB Joaquín González
|
0-0: Ball 1-0: Ground out U3 (Groundball, 3)
|
Bottom of the 9th over - 0 run(s), 0 hit(s), 0 error(s), 0 left on base; Bismarck 3 - Balzac 3 |
TOP OF THE 10TH |
Bismarck Barons batting - Pitching for Balzac Rams : RHP Shiki Kanno
|
Batting: RHB Benito Minardi
|
0-0: Ball 1-0: Called Strike 1-1: Ground out 5-3 (Groundball, 5S)
|
Batting: RHB Miguel Hernández
|
0-0: Ball 1-0: Ball 2-0: Ball 3-0: Base on Balls
|
Batting: RHB David Canseco
|
0-0: Swinging Strike 0-1: Ball 1-1: Foul Ball, location: 2F 1-2: Strikes out swinging
|
Batting: LHB Paco Sandoval
|
0-0: Hit by Pitch Miguel Hernández to second
|
Batting: RHB Kiyomitsu Shinoda
|
0-0: Ball 1-0: Swinging Strike 1-1: Swinging Strike 1-2: Ball 2-2: Ball 3-2: Base on Balls Miguel Hernández to third Paco Sandoval to second
|
Batting: RHB Dave Parker
|
0-0: Fly out, F2 (Popup, 2LF)
|
Top of the 10th over - 0 run(s), 0 hit(s), 0 error(s), 3 left on base; Bismarck 3 - Balzac 3 |
BOTTOM OF THE 10TH |
Balzac Rams batting - Pitching for Bismarck Barons : RHP Mike Hodges
|
Batting: RHB Tokuhei Kobayashi
|
0-0: Foul Ball, location: 2F 0-1: Fly out, F7 (Line Drive, 7M)
|
Batting: LHB José Berroa
|
0-0: Called Strike 0-1: Ball 1-1: Foul Ball, location: 2F 1-2: Ball 2-2: Foul Ball, location: 2F 2-2: Ball 3-2: Fly out, F6 (Popup, 5D)
|
Batting: RHB Fred Howard
|
0-0: Ball 1-0: Ball 2-0: Ball 3-0: Base on Balls
|
Batting: RHB Paul Spencer
|
0-0: Ball 1-0: Ball 2-0: Swinging Strike 2-1: Fly out, F9 (Flyball, 89M)
|
Bottom of the 10th over - 0 run(s), 0 hit(s), 0 error(s), 1 left on base; Bismarck 3 - Balzac 3 |
TOP OF THE 11TH |
Bismarck Barons batting - Pitching for Balzac Rams : RHP Shiki Kanno
|
Pitching: RHP Ryan Stewart
|
|
Batting: RHB Paul Ladd
|
0-0: Called Strike 0-1: Ball 1-1: Foul Ball, location: 2F 1-2: Ball 2-2: Foul Ball, location: 2F 2-2: Strikes out swinging
|
Batting: SHB Víctor Serrano
|
0-0: Ball 1-0: Swinging Strike 1-1: Fly out, F8 (Flyball, 89XD)
|
Batting: RHB Ronald Parsons
|
0-0: Ball 1-0: Swinging Strike 1-1: TRIPLE (Line Drive, 8RXD)
|
Batting: RHB Benito Minardi
|
0-0: Ball 1-0: Ball 2-0: Called Strike 2-1: Ball 3-1: Ground out 1-3 (Groundball, 23)
|
Top of the 11th over - 0 run(s), 1 hit(s), 0 error(s), 1 left on base; Bismarck 3 - Balzac 3 |
BOTTOM OF THE 11TH |
Balzac Rams batting - Pitching for Bismarck Barons : RHP Mike Hodges
|
Batting: RHB Thomas Christopher
|
0-0: Fly out, F8 (Line Drive, 8RM)
|
Batting: RHB James Tucker
|
0-0: Foul Ball, location: 2F 0-1: Ground out 1-3 (Groundball, 13)
|
Batting: RHB Enrique Castillo
|
0-0: Ball 1-0: Ground out 5-3 (Groundball, 56)
|
Bottom of the 11th over - 0 run(s), 0 hit(s), 0 error(s), 0 left on base; Bismarck 3 - Balzac 3 |
TOP OF THE 12TH |
Bismarck Barons batting - Pitching for Balzac Rams : RHP Ryan Stewart
|
Batting: RHB Miguel Hernández
|
0-0: Called Strike 0-1: Foul Ball, location: 2F 0-2: Ball 1-2: Strikes out swinging
|
Batting: RHB David Canseco
|
0-0: Foul Ball, location: 2F 0-1: Ball 1-1: Swinging Strike 1-2: Fly out, F7 (Flyball, 78S)
|
Batting: LHB Paco Sandoval
|
0-0: Ball 1-0: Ball 2-0: Foul Ball, location: 2F 2-1: Ground out 6-3 (Groundball, 6M)
|
Top of the 12th over - 0 run(s), 0 hit(s), 0 error(s), 0 left on base; Bismarck 3 - Balzac 3 |
BOTTOM OF THE 12TH |
Balzac Rams batting - Pitching for Bismarck Barons : RHP Mike Hodges
|
Batting: LHB Carlos Barrios
|
0-0: Foul Ball, location: 2F 0-1: Foul Ball, location: 2F 0-2: Strikes out swinging
|
Batting: LHB Joaquín González
|
0-0: Called Strike 0-1: Swinging Strike 0-2: Ground out 4-3 (Groundball, 13)
|
Batting: RHB Tokuhei Kobayashi
|
0-0: Called Strike 0-1: Foul Ball, location: 2F 0-2: Ball 1-2: Ball 2-2: Strikes out swinging
|
Bottom of the 12th over - 0 run(s), 0 hit(s), 0 error(s), 0 left on base; Bismarck 3 - Balzac 3 |
TOP OF THE 13TH |
Bismarck Barons batting - Pitching for Balzac Rams : RHP Ryan Stewart
|
Batting: RHB Kiyomitsu Shinoda
|
0-0: Called Strike 0-1: Ball 1-1: Ball 2-1: Ball 3-1: Foul Ball, location: 2F 3-2: Strikes out looking
|
Batting: RHB Dave Parker
|
0-0: Ground out 5-3 (Groundball, 56)
|
Batting: RHB Paul Ladd
|
0-0: Ground out 6-3 (Groundball, 6)
|
Top of the 13th over - 0 run(s), 0 hit(s), 0 error(s), 0 left on base; Bismarck 3 - Balzac 3 |
BOTTOM OF THE 13TH |
Balzac Rams batting - Pitching for Bismarck Barons : RHP Mike Hodges
|
Pitching: RHP Ignacio Beltrán
|
|
Batting: LHB José Berroa
|
0-0: Ball 1-0: Ball 2-0: Ball 3-0: Base on Balls
|
Batting: RHB Fred Howard
|
0-0: Called Strike 0-1: Ball 1-1: Ball 2-1: Swinging Strike 2-2: Ball 3-2: DOUBLE (Flyball, 7M) José Berroa to third
|
Batting: RHB Paul Spencer
|
0-0: Foul Ball, location: 2F 0-1: Foul Ball, location: 2F 0-2: Strikes out looking
|
Batting: RHB Thomas Christopher
|
0-0: Intentional Walk
|
Batting: RHB James Tucker
|
0-0: Swinging Strike 0-1: Foul Ball, location: 2F 0-2: Ball 1-2: Ball 2-2: Foul Ball, location: 2F 2-2: Strikes out looking
|
Batting: RHB Enrique Castillo
|
0-0: Ball 1-0: Called Strike 1-1: Fly out, F4 (Popup, 3D)
|
Bottom of the 13th over - 0 run(s), 1 hit(s), 0 error(s), 3 left on base; Bismarck 3 - Balzac 3 |
TOP OF THE 14TH |
Bismarck Barons batting - Pitching for Balzac Rams : RHP Ryan Stewart
|
Batting: SHB Víctor Serrano
|
0-0: Ball 1-0: Called Strike 1-1: SINGLE (Groundball, 4MS)
|
Batting: RHB Ronald Parsons
|
0-0: Called Strike 0-1: Ball 1-1: Swinging Strike 1-2: Ball 2-2: Strikes out swinging
|
Batting: RHB Benito Minardi
|
0-0: Called Strike 0-1: Ball 1-1: Called Strike 1-2: Ball 2-2: Strikes out swinging
|
Pitching: RHP John Wells
|
|
Batting: RHB Miguel Hernández
|
0-0: Fielders Choice at 2nd, 6-4 (Groundball, 6S)
|
Top of the 14th over - 0 run(s), 1 hit(s), 0 error(s), 0 left on base; Bismarck 3 - Balzac 3 |
BOTTOM OF THE 14TH |
Balzac Rams batting - Pitching for Bismarck Barons : LHP Kevin Andrews
|
Pitching: LHP Kevin Andrews
|
|
Pinch Hitting: RHB Jeff Stevenson
|
0-0: Foul Ball, location: 2F 0-1: Ball 1-1: Ball 2-1: SINGLE (Line Drive, 89S)
|
Batting: LHB Joaquín González
|
0-0: Called Strike 0-1: Ball 1-1: Bunted foul 1-2: Foul Ball, location: 2F 1-2: Strikes out swinging
|
Batting: RHB Tokuhei Kobayashi
|
0-0: Foul Ball, location: 2F 0-1: Ball 1-1: Swinging Strike 1-2: Ball 2-2: Strikes out swinging
|
Batting: LHB José Berroa
|
0-0: Swinging Strike 0-1: Swinging Strike 0-2: Ball 1-2: Foul Ball, location: 2F 1-2: Foul Ball, location: 2F 1-2: Strikes out swinging
|
Bottom of the 14th over - 0 run(s), 1 hit(s), 0 error(s), 1 left on base; Bismarck 3 - Balzac 3 |
TOP OF THE 15TH |
Bismarck Barons batting - Pitching for Balzac Rams : RHP John Wells
|
Now at 3B: Jeff Stevenson
|
|
Batting: RHB David Canseco
|
0-0: Ball 1-0: Ball 2-0: Ball 3-0: Called Strike 3-1: Base on Balls
|
Batting: LHB Paco Sandoval
|
0-0: Bunted foul 0-1: Bunt missed! 0-2: Ball 1-2: Ball 2-2: Ball 3-2: Base on Balls David Canseco to second
|
Batting: RHB Kiyomitsu Shinoda
|
0-0: Ball 1-0: Ball 2-0: Ball 3-0: Called Strike 3-1: Foul Ball, location: 2F 3-2: Base on Balls David Canseco to third Paco Sandoval to second
|
Batting: RHB Dave Parker
|
0-0: Ball 1-0: Called Strike 1-1: Ball 2-1: Swinging Strike 2-2: Fly out, F3 (Popup, 13)
|
Batting: RHB Paul Ladd
|
0-0: Ball 1-0: Called Strike 1-1: SINGLE (Flyball, 9S) David Canseco scores Paco Sandoval to third Kiyomitsu Shinoda to second Runner from 3rd tries for Home, SAFE, no throw or cutoff
|
Batting: SHB Víctor Serrano
|
0-0: Ball 1-0: Ball 2-0: Ball 3-0: Base on Balls Kiyomitsu Shinoda to third Paul Ladd to second
|
Batting: RHB Ronald Parsons
|
0-0: Called Strike 0-1: Ball 1-1: Foul Ball, location: 2F 1-2: Ball 2-2: Fly out, F8 (Flyball, 8RS)
|
Batting: RHB Benito Minardi
|
0-0: Ball 1-0: Ground out 1-3 (Groundball, 13)
|
Top of the 15th over - 2 run(s), 1 hit(s), 0 error(s), 3 left on base; Bismarck 5 - Balzac 3 |
BOTTOM OF THE 15TH |
Balzac Rams batting - Pitching for Bismarck Barons : LHP Kevin Andrews
|
Batting: RHB Fred Howard
|
0-0: Ball 1-0: Ball 2-0: Ball 3-0: Base on Balls
|
Batting: RHB Paul Spencer
|
0-0: Ball 1-0: Called Strike 1-1: Grounds out, U3 (Groundball, 3L)
|
Batting: RHB Thomas Christopher
|
0-0: Called Strike 0-1: Ball 1-1: Ball 2-1: Foul Ball, location: 2F 2-2: Ground out 1-3 (Groundball, 13S) Fred Howard to third
|
Batting: RHB James Tucker
|
0-0: Ball 1-0: Ball 2-0: Ball 3-0: Base on Balls
|
Batting: RHB Enrique Castillo
|
0-0: Ball 1-0: Swinging Strike 1-1: Ball 2-1: DOUBLE (Line Drive, 5D) Fred Howard scores James Tucker to third Runner from 3rd tries for Home, throw and OUT!
|
Bottom of the 15th over - 1 run(s), 1 hit(s), 0 error(s), 1 left on base; Bismarck 5 - Balzac 4 |
|